 Dungeon Crawl Stone Soup version 0.28-a0-1510-gd0f6b136d3 (webtiles) character file.

Game seed: 16656692913197690403

5157 Shayle the Nimble (level 10, -1/76 HPs)
             Began as a Djinni Warper on Jan 15, 2022.
             Shot with an arrow by a centaur warrior (15 damage)
             ... on level 8 of the Dungeon on Jan 16, 2022.
             The game lasted 00:27:07 (12690 turns).

Shayle the Nimble (Djinni Warper)                  Turns: 12690, Time: 00:27:08

Health: -1/76      AC:  8    Str: 10    XL:     10   Next: 89%
Gold:   383        EV: 15    Int: 18    God:
                   SH:  0    Dex: 14

rFire   + + .      SeeInvis .   m - +0 short sword (venom)
rCold   . . .      Faith    .   (no shield)
rNeg    . . .      Spirit   .   l - +1 leather armour {rC+}
rPois   ∞          Reflect  .   (no helmet)
rElec   +          Harm     .   j - +0 cloak
rCorr   .          Rampage  .   q - +0 pair of gloves
Will    +....                   (boots unavailable)
Stlth   +.........              (no amulet)
HPRegen 0.22/turn               f - ring of wizardry
MPRegen 0.00/turn               (no ring)

@: flying, unable to read
A: sickness immunity, fire resistance 2, cold vulnerability 1, float, innate
caster, hp casting, extra vitality 1, iridescent scales 1, electricity
resistance, inability to read while threatened
a: no special abilities


You were on level 8 of the Dungeon.
You visited 2 branches of the dungeon, and saw 9 of its levels.

You collected 485 gold pieces.
You spent 102 gold pieces at shops.

Inventory:

Hand Weapons
 c - a +3 long sword
 m - a +0 short sword of venom (weapon)
Missiles
 b - 3 boomerangs of dispersal
 e - 6 boomerangs (quivered)
 u - 8 poisoned darts
Armour
 a - a +0 leather armour
 h - the +1 robe "Gesizih" {Stlth+}
   (You bought it in a shop on level 3 of the Dungeon)

   Stlth:     It makes you more stealthy.
 j - a +0 cloak (worn)
 l - a +1 leather armour of cold resistance (worn)
 q - a +0 pair of gloves (worn)
Jewellery
 f - a ring of wizardry (left hand)
Scrolls
 d - a scroll of magic mapping
 i - 2 scrolls of teleportation
 k - 4 scrolls of identify
 p - a scroll of blinking
Potions
 g - 4 potions of flight
 n - a potion of berserk rage {unknown}
 o - a potion of haste
 r - 3 potions of attraction
 s - 2 potions of might
 v - a potion of mutation
 w - a potion of degeneration {unknown}


   Skills:
 + Level 7.9 Fighting
 - Level 0.7 Throwing
 - Level 1.0 Armour
 + Level 8.7 Dodging
 + Level 7.9 Unarmed Combat
 + Level 6.4 Spellcasting


You couldn't memorise any spells.
You knew the following spells:

 Your Spells              Type           Power      Damage    Failure   Level
a - Blink                 Tloc           58%        N/A       1%          2
b - Lesser Beckoning      Tloc           29%        N/A       1%          3
c - Gell's Gravitas       Tloc           29%        N/A       1%          3
d - Teleport Other        Tloc           29%        N/A       1%          3
e - Manifold Assault      Tloc           29%        N/A       12%         5
f - Sandblast             Erth           58%        2d13      1%          1
g - Ensorcelled Hibernat  Hex/Ice        58%        N/A       1%          2
h - Summon Guardian Gole  Hex/Summ       29%        N/A       1%          3
i - Dispel Undead         Necr           29%        3d13      4%          4
Your spell library was empty.

Dungeon Overview and Level Annotations

Branches:
Dungeon (8/15)             Temple (1/1) D:5            Lair (0/6) D:8

Altars:
Ashenzari
Cheibriados
Dithmenos
Elyvilon
Fedhas
Hepliaklqana
Kikubaaqudgha
Makhleb
Nemelex Xobeh
Okawaru
Qazlal
Ru
Trog
Uskayaw
Vehumet
Wu Jian
Xom
Yredelemnul
Zin
The Shining One

Shops:
D:3 [

Annotations:
D:4 1 runed translucent door, Crazy Yiuf


Innate Abilities, Weirdness & Mutations

You are immune to sickness and miasma.
You are immune to poison.
Your flesh is very heat resistant. (rF++)
You are vulnerable to cold. (rC-)
You float through the air rather than walking.
You learn spells naturally, not from books.
Your magical power is your life essence.
You have superior vitality. (+4 MHP)
You are partially covered in iridescent scales. (AC +2)
You are resistant to electric shocks. (rElec)
You sometimes lose the ability to read scrolls when taking damage.


Message History

A guardian golem appears, shielding your allies.
The centaur warrior is engulfed in blazing flames.
The centaur warrior wields a +0 shortbow.
The centaur warrior shoots an arrow.
The arrow hits you!
You reach down and open the door.
The centaur warrior is engulfed in blazing flames.
The centaur warrior shoots an arrow.
The arrow completely misses you.
The centaur warrior is engulfed in blazing flames. x2
The centaur warrior shoots an arrow.
The arrow hits you.
You feel threatened and lose the ability to read scrolls!
There is an open door here.
You reach down and open the door.
Found a broken altar of Ashenzari.
There is an open door here.
You can read scrolls again.
The centaur warrior shoots an arrow.
The arrow hits your guardian golem!!
The centaur warrior shoots an arrow.
The arrow hits your guardian golem! What are your orders? t - Shout!
Orders for allies: a - Attack new target. r - Retreat! s - Stop attacking. g - Guard the area. f - Follow me.
Anything else - Cancel.
Gang up on whom?
Press: ? - help, Dir - move target, f - centaur warrior
Aim: a centaur warrior, wielding a +0 shortbow and quivering arrows (almost dead) Attack!
The centaur warrior shoots an arrow.
The arrow hits your guardian golem!
Your guardian golem overheats!
You feel better.
The centaur warrior shoots an arrow.
The arrow hits your guardian golem!
Your guardian golem disappears in a puff of smoke!
Your guardian golem explodes!
The centaur warrior shoots an arrow.
The arrow hits you!
You feel threatened and lose the ability to read scrolls!
* * * LOW HITPOINT WARNING * * *
The centaur warrior shoots an arrow.
The arrow hits you!
* * * LOW HITPOINT WARNING * * *
You feel better.
The centaur warrior shoots an arrow.
The arrow hits you!
You die...

.....##...§.○##.#
........####....#
######..#
#....#########
#..#
#.....Y.......
#....
##+###c###+##
####.# #.......#
.# #..§§...#
+###§###+ +@§.+
#...# #._.# #...#
+...+ ##+##


You could see a centaur warrior and a sky beast.

Vanquished Creatures
  A yak (D:7)
  A steam dragon (D:4)
  Duvessa (D:7)
  A water moccasin (D:5)
  An orc warrior (D:7)
  2 black bears
  2 sky beasts
  4 necrophages (D:7)
  2 centaurs
  2 bullfrogs
  A water moccasin zombie (D:7)
  Dowan (D:7)
  A wight (D:7)
  2 howler monkeys
  A centaur zombie (D:7)
  A gnoll shaman (D:7)
  4 hounds
  4 orc priests
  A human zombie (D:7)
  A jelly (D:5)
  2 orc wizards (D:5)
  2 mummies (D:7)
  A gnoll (D:7)
  A howler monkey zombie (D:7)
  9 adders
  A howler monkey skeleton (D:5)
  An ufetubus (D:7)
  A worm (D:2)
  A dart slug (D:4)
  14 orcs
  8 ball pythons
  5 endoplasms
  2 giant cockroaches
  7 goblins
  6 hobgoblins
  9 jackals
  7 kobolds
  5 quokkas
  5 bats
  A frilled lizard (D:2)
  3 rats
125 creatures vanquished.

Vanquished Creatures (others)
  A two-headed ogre (D:8)
  A slime creature (D:8)
  6 yaks
  A steam dragon (D:8)
  Menkaure (D:7)
  2 water moccasins (D:7)
  2 ice beasts
  An ogre (D:7)
  A scorpion (D:6)
  3 killer bees (D:8)
  3 wights (D:8)
  2 howler monkeys (D:8)
  A mummy (D:7)
  5 gnolls (D:7)
  An orc (D:8)
  A plant (D:7)
32 creatures vanquished.

Grand Total: 157 creatures vanquished

Notes
Turn   | Place    | Note
-------+----------+-------------------------------------------
     0 | D:1      | Shayle the Djinni Warper began the quest for the Orb.
     0 | D:1      | Reached XP level 1. HP: 18/18 MP: 0/0
   349 | D:1      | Reached XP level 2. HP: 18/23 MP: 0/0
  1187 | D:1      | Reached XP level 3. HP: 19/29 MP: 0/0
  1187 | D:1      | Learned a level 1 spell: Sandblast
  2252 | D:2      | Reached XP level 4. HP: 21/34 MP: 0/0
  2528 | D:2      | Reached skill level 3 in Dodging
  3684 | D:3      | Found Qeeth's Antique Armour Shop.
  3835 | D:3      | Found a snail-covered altar of Cheibriados.
  3920 | D:3      | Bought a silken robe for 102 gold pieces
  3920 | D:3      | Identified the +1 robe "Gesizih" {Stlth+} (You bought it in
                  | a shop on level 3 of the Dungeon)
  3994 | D:3      | Reached XP level 5. HP: 40/40 MP: 0/0
  3994 | D:3      | Learned a level 2 spell: Ensorcelled Hibernation
  4847 | D:4      | Reached XP level 6. HP: 46/46 MP: 0/0
  5351 | D:4      | Found a blossoming altar of Fedhas.
  5351 | D:4      | Found a shadowy altar of Dithmenos.
  5417 | D:4      | Reached skill level 4 in Dodging
  5538 | D:4      | Found a runed translucent door.
  5539 | D:4      | Noticed Crazy Yiuf
  5724 | D:5      | Entered Level 5 of the Dungeon
  5781 | D:5      | Noticed a water moccasin
  5927 | D:5      | Noticed a steam dragon
  5942 | D:4      | Killed a steam dragon
  5943 | D:4      | Reached XP level 7. HP: 4/51 MP: 0/0
  5943 | D:4      | Learned a level 3 spell: Summon Guardian Golem
  6716 | D:5      | Killed a water moccasin
  7295 | D:5      | Reached XP level 8. HP: 24/58 MP: 0/0
  7599 | D:5      | Found a staircase to the Ecumenical Temple.
  7608 | Temple   | Entered the Ecumenical Temple
  7981 | D:6      | Reached skill level 5 in Dodging
  8236 | D:6      | Found a burning altar of Makhleb.
  8719 | D:7      | Noticed Dowan
  8763 | D:7      | Reached skill level 5 in Fighting
  8763 | D:7      | Reached skill level 5 in Unarmed Combat
  8783 | D:7      | Gained mutation: You sometimes lose the ability to read
                  | scrolls when taking damage. [potion of mutation]
  8783 | D:7      | Gained mutation: You are resistant to electric shocks.
                  | (rElec) [potion of mutation]
  8783 | D:7      | Gained mutation: You are partially covered in iridescent
                  | scales. (AC +2) [potion of mutation]
  9068 | D:7      | Reached skill level 6 in Dodging
  9159 | D:7      | Found a glowing golden altar of the Shining One.
  9183 | D:7      | Noticed Menkaure
  9193 | D:7      | Killed Menkaure
  9194 | D:7      | Reached XP level 9. HP: 34/65 MP: 0/0
  9194 | D:7      | Learned a level 4 spell: Dispel Undead
  9571 | D:7      | Reached skill level 5 in Spellcasting
 10025 | D:7      | Found a basalt altar of Yredelemnul.
 10154 | D:7      | Found a white marble altar of Elyvilon.
 10565 | D:7      | Noticed Duvessa
 10601 | D:7      | Reached skill level 7 in Dodging
 10612 | D:7      | Killed Duvessa
 10624 | D:7      | Killed Dowan
 11383 | D:8      | Reached XP level 10. HP: 73/73 MP: 0/0
 11952 | D:7      | Reached skill level 8 in Dodging
 12399 | D:8      | Found a staircase to the Lair.
 12508 | D:8      | Found a sparkling altar of Nemelex Xobeh.
 12610 | D:8      | Noticed a two-headed ogre
 12615 | D:8      | Killed a two-headed ogre
 12651 | D:8      | Noticed a centaur warrior
 12683 | D:8      | Found a broken altar of Ashenzari.
 12690 | D:8      | Shot with an arrow by a centaur warrior

Illustrated notes

Levels and vault maps discovered:
D:1:      lightli_arrival_maybe_door_vault, layout_basic
D:2:      layout_basic, nicolae_concentric_dashed_squares_mild,
          grunt_decor_fettered, ebering_dispersal_statue_hall
D:3:      layout_loops_ring, amcnicky_altar_gilded, serial_shops, shop
D:4:      layout_cave_pools, nicolae_kikubaaqudgha_miasma_corner,
          gammafunk_temple_overflow_wave, uniq_crazy_yiuf_cottage
D:5:      layout_loops_ring, minmay_temple_entry_junction
D:6:      layout_rooms, mainiacjoe_overflow_surrounded_room,
          mainiacjoe_overflow_chevrons, overflow_temple_1_default
D:7:      layout_basic, mainiacjoe_overflow_alcove_1, tso_oasis_becter,
          lemuel_mausoleum_altar_yredelemnul, kennysheep_generic_room_2,
          uniq_menkaure, uniq_duvessa
D:8:      layout_rooms, mainiacjoe_overflow_24_doors,
          mainiacjoe_overflow_alcove_4, nemelex_spade_bored_becter,
          minmay_manual_monstrance
Temple:   dpeg_three_leaves_temple

Skill      XL: |  1  2  3  4  5  6  7  8  9 10 |
---------------+-------------------------------+-----
Dodging        | 3 4 6 7 8 |  8.7
Spellcasting   | 3 4 5 6 |  6.4
Fighting       | 3 4 5 6 7 |  7.9
Unarmed Combat | 3 4 5 6 7 |  7.9
Throwing       | |  0.7
Armour         | |  1.0

Action                   |  1- 3 |  4- 6 |  7- 9 | 10-12 || total
-------------------------+-------+-------+-------+-------++-------
Melee: Unarmed           |   115 |   121 |       |       ||   236
       Punch             |     2 |     5 |     9 |     2 ||    18
       Short sword       |       |    79 |   196 |    47 ||   322
Throw: Boomerang         |     5 |    12 |       |       ||    17
 Cast: Sandblast         |    19 |     6 |       |       ||    25
       Ensorcelled Hiber |       |     1 |     3 |       ||     4
       Summon Guardian G |       |       |    18 |    17 ||    35
       Blink             |       |       |     2 |       ||     2
       Teleport Other    |       |       |     1 |       ||     1
       Dispel Undead     |       |       |    22 |       ||    22
Evoke: Wand              |       |     5 |     6 |       ||    11
  Use: Scroll            |       |     9 |     6 |       ||    15
       Potion            |       |     2 |     5 |     2 ||     9
 Stab: Sleeping          |       |     4 |     3 |       ||     7
Armor: Leather armour    |    30 |    26 |     9 |    27 ||    92
       Robe              |       |    40 |    85 |       ||   125
Dodge: Dodged            |    91 |   173 |   178 |    66 ||   508

Table legend: (Time is in decaauts)
 A = Elapsed time spent in this place.
 B = Non-inter-level travel time spent in this place.
 C = Inter-level travel time spent in this place.
 D = Time resting spent in this place.
 E = Time spent auto-exploring this place.
 F = Levels seen in this place.
 G = Mean time per level.
                   A        B        C        D        E       F      G
               +--------+--------+--------+--------+--------+-----+--------+
         Total |  12727 |  12396 |    331 |   4213 |   5607 |   9 | 1414.1 |
       Dungeon |  12646 |  12330 |    316 |   4213 |   5549 |   8 | 1580.8 |
        Temple |     80 |     65 |     15 |      0 |     58 |   1 |   80.0 |
               +--------+--------+--------+--------+--------+-----+--------+

Top non-repeatable levels by time:
     D:7: 3167 daAuts
     D:1: 1975 daAuts
     D:5: 1751 daAuts
     D:4: 1508 daAuts
     D:2: 1508 daAuts
     D:3: 1151 daAuts
     D:8: 821 daAuts
     D:6: 762 daAuts
  Temple: 80 daAuts
